 Dungeon Crawl Stone Soup version 0.31.0-12-g77e489cdc1 (webtiles) character file.

Game seed: 1892842070412470323

125 ezpacito the Trooper (level 4, 35/35 HPs)
             Began as a Demonspawn Berserker on Feb 15, 2024.
             Was a Believer of Trog.
             Quit the game on level 3 of the Dungeon.
             The game lasted 00:03:17 (2348 turns).

ezpacito the Trooper (Demonspawn Berserker)         Turns: 2348, Time: 00:03:17

Health: 35/35      AC:  5    Str: 17    XL:     4   Next: 82%
Magic:  4/4        EV: 16    Int:  7    God:    Trog [**....]
Gold:   165        SH:  0    Dex: 15    Spells: 3/3 levels left

rFire   . . .        a - +0 hand axe
rCold   . . .        (no shield)
rNeg    . . .        s - +0 ring mail
rPois   .            (no helmet)
rElec   .            (no cloak)
rCorr   .            (no gloves)
SInv    +            (no boots)
Will    .....        (no amulet)
Stlth   +            b - +5 ring of evasion
HPRegen 0.25/turn    m - ring of see invisible
MPRegen 0.18/turn

%: no passive effects
@: no status effects
A: magic regeneration
a: Renounce Religion, Berserk, Trog's Hand


You were on level 3 of the Dungeon.
You worshipped Trog.
Trog was pleased with you.
You visited 1 branch of the dungeon, and saw 3 of its levels.

You collected 165 gold pieces.

Inventory:

Hand Weapons
 a - a +0 hand axe (weapon)
Missiles
 e - a throwing net
 k - 26 stones (quivered)
Armour
 s - a +0 ring mail (worn)
Jewellery
 b - a +5 ring of evasion (left hand)
 m - a ring of see invisible (right hand)
Scrolls
 c - a scroll of blinking
 d - 3 scrolls of fog
 f - a scroll of enchant weapon {unknown}
 g - a scroll of teleportation
Potions
 h - a potion of magic {unknown}
 i - a potion of heal wounds {unknown}
 j - a potion of ambrosia {unknown}
 l - 2 potions of lignification
 n - 3 potions of curing {unknown}


   Skills:
 * Level 3.5 Fighting
 * Level 3.3 Axes
 * Level 2.5 Armour
 * Level 2.6 Dodging
 + Level 1.1 Stealth
 + Level 1.1 Unarmed Combat


You had 3 spell levels left.
You didn't know any spells.
Your spell library was empty.

Dungeon Overview and Level Annotations

Branches:
Dungeon (3/15)

Altars:
Kikubaaqudgha
Sif Muna


Innate Abilities, Weirdness & Mutations

You regenerate magic rapidly.


Message History

The ball python closely misses you. The ball python barely misses you.
You hit the ball python.
The ball python is moderately wounded.
The ball python barely misses you. The ball python closely misses you.
You closely miss the ball python.
The ball python is moderately wounded.
The ball python barely misses you. The ball python grabs you.
The ball python constricts you.
You hit the ball python.
You kill the ball python!
Trog accepts your kill.
No target in view!
No target in view!
No target in view!
No target in view!
No target in view!
No target in view!
Found a stone staircase leading up.
Found a stone staircase leading down.
No target in view!
k - 26 stones (gained 7)
f - a scroll labelled SIESTO BIHU
There is a stone staircase leading down here.
There is a stone staircase leading up here.
You see here a +0 dagger.
A goblin comes into view. It is wielding a +0 club.
The goblin shouts!
A goblin is nearby!
Found two altars.
The goblin completely misses you.
You hit the goblin.
You kill the goblin!
Trog accepts your kill.
No target in view!
No target in view!
No target in view!
No target in view!
No target in view!
No target in view!
Are you sure you want to abandon this character and quit the game? (Confirm with "yes".)

#.# #.#
################
####.#
...............#
._.###
#####..######.##
...8# ##..#
#.###...# #...#
#.##.#.# # #...#
#.##...#...#
##..##
#...@)...._#
#...#
#####..#...#
#.).# #.# #
##...# ..#
###...## .8#
#.....# .##
.....## # ...###
.###


There were no monsters in sight!

Vanquished Creatures
  4 adders
  A dart slug (D:1)
  A ribbon worm (D:2)
  9 ball pythons
  7 bats
  6 endoplasms
  5 giant cockroaches
  11 goblins
  8 hobgoblins
  6 jackals
  4 quokkas
  A frilled lizard (D:1)
  7 kobolds
  6 rats
76 creatures vanquished.

Notes
Turn   | Place    | Note
-------+----------+-------------------------------------------
     0 | D:1      | ezpacito the Demonspawn Berserker began the quest for the
                  | Orb.
     0 | D:1      | Reached XP level 1. HP: 18/18 MP: 1/1
   195 | D:1      | Gained mutation: You regenerate magic rapidly. [demonic
                  | ancestry]
   195 | D:1      | Reached XP level 2. HP: 23/24 MP: 2/2
   310 | D:1      | Reached ** piety under Trog
   313 | D:1      | Reached XP level 3. HP: 29/29 MP: 3/3
   972 | D:2      | Reached XP level 4. HP: 27/35 MP: 4/4
  1391 | D:3      | Reached skill level 1 in Unarmed Combat
  2075 | D:3      | Reached skill level 1 in Stealth
  2200 | D:3      | Reached *** piety under Trog
  2345 | D:3      | Found a shimmering blue altar of Sif Muna.
  2345 | D:3      | Found an ancient bone altar of Kikubaaqudgha.
  2348 | D:3      | Quit the game

Illustrated notes

Levels and vault maps discovered:
D:1:      scummos_arrival_star, layout_basic
D:2:      layout_basic, serial_curves, eino_curves_03, eino_curves_02,
          minmay_split_cup_small
D:3:      layout_basic, grunt_temple_overflow_magic_moments,
          gup_sewer_entry_bubbles, serial_curves, eino_curves_03,
          eino_curves_02, eino_curves_04, minmay_stone_trees_medium,
          minmay_surrounded

Skill      XL: |  1  2  3  4 |
---------------+-------------+-----
Armour         | 2 |  2.5
Dodging        | 2 |  2.6
Axes           | 3 |  3.3
Unarmed Combat | 1 |  1.1
Stealth        | 1 |  1.1
Fighting       | |  3.5

Action                     |  1- 3 |  4- 6 || total
---------------------------+-------+-------++-------
  Melee: Hand axe          |   124 |    90 ||   214
         Punch             |     1 |       ||     1
    Use: Scroll            |       |     8 ||     8
   Stab: Sleeping          |     1 |       ||     1
 Armour: Leather armour    |    57 |     6 ||    63
         Animal skin       |     1 |       ||     1
         Ring mail         |       |    27 ||    27
  Dodge: Dodged            |   128 |    97 ||   225
